 Dungeon Crawl Stone Soup version 0.28-a0-529-g3bad584f25 (webtiles) character file.

Game seed: 7579964469176690298

56 omnomnOMINOUS the Skirmisher (level 3, -4/29 HPs)
             Began as an Octopode Wanderer on Sept 24, 2021.
             Was a Follower of Jiyva.
             Slain by an orc (5 damage)
             ... on level 2 of the Dungeon.
             The game lasted 00:02:34 (916 turns).

omnomnOMINOUS the Skirmisher (Octopode Wanderer)     Turns: 916, Time: 00:02:35

Health: -4/29      AC:  1    Str: 10    XL:     3   Next: 97%
Magic:  3/3        EV: 13    Int: 15    God:    Jiyva [*.....]
Gold:   33         SH:  4    Dex: 12    Spells: 2/2 levels left

rFire   . . .      SeeInvis .   a - +2 dagger (holy)
rCold   . . .      Faith    .   d - +0 buckler
rNeg    . . .      Spirit   .   (helmet restricted)
rPois   .          Reflect  .   (no amulet)
rElec   .          Harm     .   (no ring)
rCorr   .          Rampage  .   (no ring)
Will    .....                   (no ring)
Stlth   +++.......              (no ring)
HPRegen 0.09/turn               (no ring)
MPRegen 0.08/turn               (no ring)
                                (no ring)
                                (no ring)

@: no status effects
A: almost no armour, amphibious, 8 rings, camouflage 1, gelatinous body 1,
(nimble swimmer 1), tentacles
a: Renounce Religion, Request Jelly


You were on level 2 of the Dungeon.
You worshipped Jiyva.
Jiyva was aware of your devotion.
You visited 1 branch of the dungeon, and saw 2 of its levels.

You collected 33 gold pieces.

Inventory:

Hand Weapons
 a - a +2 dagger of holy wrath (weapon)
 b - a +2 hand crossbow
Missiles
 c - 11 bolts
Armour
 d - a +0 buckler (worn)
Scrolls
 e - a scroll of identify {unknown}
 f - a scroll of enchant armour {unknown}
 g - a scroll of torment {unknown}
Potions
 h - 2 potions of berserk rage {unknown}


   Skills:
 - Level 5.0 Fighting
 - Level 3.0 Crossbows
 + Level 2.3 Dodging
 - Level 1.3 Stealth
 + Level 2.5 Shields


You had 2 spell levels left.
You didn't know any spells.
Your spell library was empty.

Dungeon Overview and Level Annotations

Branches:
Dungeon (2/15)

Altars:
Jiyva


Innate Abilities, Weirdness & Mutations

You cannot wear most types of armour.
You are amphibious.
You can wear up to eight rings at the same time.
Your skin changes colour to match your surroundings (Stealth+).
Your rubbery body absorbs attacks. (AC +1, EV +1)
((You are camouflaged near water. (Stealth+)))
You have tentacles for arms and can constrict up to eight enemies at once.


Message History

Fire: 16 bolts
Press: ? - help, Q - select action, (/) - cycle Shift-Dir - straight line, f/p - orc
Aim: an orc, wielding a +0 falchion (heavily wounded, 66% to hit)
You shoot a bolt. The bolt hits the orc.
You kill the orc!
Something barely misses you.
Fire: 15 bolts
Press: ? - help, Q - select action, (/) - cycle Shift-Dir - straight line, f - orc
Aim: an orc, wielding a +0 club (66% to hit)
You shoot a bolt. The bolt hits the orc.
The orc is moderately wounded.
Something hits you.
* * * LOW HITPOINT WARNING * * *
Fire: 14 bolts
Press: ? - help, Q - select action, (/) - cycle Shift-Dir - straight line, f/p - orc
Aim: an orc, wielding a +0 club (lightly wounded, 66% to hit)
You shoot a bolt.
Reactivating autopickup.
You feel a bit more experienced.
Your Dodging skill increases to level 2!
Fire: 13 bolts
Press: ? - help, Q - select action, (/) - cycle Shift-Dir - straight line, f/p - orc
Aim: an orc, wielding a +0 club (66% to hit)
You shoot a bolt. The bolt completely misses the orc.
The orc hits you with a +0 club.
* * * LOW HITPOINT WARNING * * *
You block the orc's attack.
There is a stone staircase leading down here.
A rat comes into view.
Fire: 12 bolts
Press: ? - help, Q - select action, (/) - cycle Shift-Dir - straight line, f/p - orc
Aim: an orc, wielding a +0 club (66% to hit)
You shoot a bolt. The bolt hits the orc.
The orc is severely wounded.
The orc hits you with a +0 club.
* * * LOW HITPOINT WARNING * * *
Your +2 dagger of holy wrath softly glows with a divine radiance!
a - a +2 dagger of holy wrath (weapon)
The orc hits you with a +0 club.
You die...

#.# #.#
#+# #.#
#.#
#.###.#
#..##.#
##.##r#
#.##.#
#..#.#
####.#@#
#....#o#
#......#
#......#
#......#
######>#
###.#
#...#
#.### #


You could see an orc and a rat.

Vanquished Creatures
  An orc wizard (D:2)
  An adder (D:2)
  A worm (D:2)
  A dart slug (D:1)
  3 orcs (D:2)
  3 giant cockroaches (D:1)
  A goblin (D:1)
  2 ball pythons (D:1)
  2 bats (D:1)
  2 frilled lizards
  A rat (D:1)
18 creatures vanquished.

Vanquished Creatures (others)
  A ball python (D:1)
  2 hobgoblins (D:1)
  A quokka (D:1)
  A frilled lizard (D:1)
5 creatures vanquished.

Grand Total: 23 creatures vanquished

Notes
Turn   | Place    | Note
-------+----------+-------------------------------------------
     0 | D:1      | omnomnOMINOUS the Octopode Wanderer began the quest for the
                  | Orb.
     0 | D:1      | omnomnOMINOUS set off with the following items: a +2 hand
                  | crossbow, 24 bolts, a +0 falchion, a +0 buckler
     0 | D:1      | Reached XP level 1. HP: 18/18 MP: 1/1
    24 | D:1      | Found a faded altar of an unknown god.
    30 | D:1      | Reached skill level 1 in Dodging
   306 | D:1      | Became a worshipper of Jiyva Juempemu the Shapeless
   306 | D:1      | Reached * piety under Jiyva
   314 | D:1      | Reached XP level 2. HP: 20/24 MP: 2/2
   884 | D:2      | Reached XP level 3. HP: 29/29 MP: 3/3
   915 | D:2      | HP: 1/29 [orc (2)]
   916 | D:2      | Slain by an orc

Illustrated notes

Levels and vault maps discovered:
D:1:      dpeg_arrival_rhombus, layout_basic,
          dreamdust_ecumenical_altar_statues, kennysheep_small_spiral
D:2:      layout_basic, chequers_serial_rivers_micro_d, item_on_display_a,
          uniq_crazy_yiuf_cottage

Skill      XL: |  1  2  3 |
---------------+----------+-----
Dodging        | 1 2 |  2.3
Shields        | 2 |  2.5
Fighting       | |  5.0
Crossbows      | |  3.0
Stealth        | |  1.3

Action                   || total
-------------------------++-------
Melee: Falchion          ||    33
       Constrict         ||     9
       Tentacles         ||     3
       Dagger            ||    11
 Fire: Hand crossbow     ||    13
 Stab: Sleeping          ||     2
Armor: Skin              ||     9
Dodge: Dodged            ||    39
Block: Buckler           ||     9

Table legend: (Time is in decaauts)
 A = Elapsed time spent in this place.
 B = Non-inter-level travel time spent in this place.
 C = Inter-level travel time spent in this place.
 D = Time resting spent in this place.
 E = Time spent auto-exploring this place.
 F = Levels seen in this place.
 G = Mean time per level.
                   A        B        C        D        E       F      G
               +--------+--------+--------+--------+--------+-----+--------+
         Total |    929 |    921 |      8 |    262 |    462 |   2 |  464.5 |
       Dungeon |    929 |    921 |      8 |    262 |    462 |   2 |  464.5 |
               +--------+--------+--------+--------+--------+-----+--------+

Top non-repeatable levels by time:
     D:1: 760 daAuts
     D:2: 168 daAuts
